 Dungeon Crawl Stone Soup version 0.22-a0-515-g75794bf (webtiles) character file.

178 inc the Chiller (level 5, -8/31 HPs)
             Began as an Octopode Ice Elementalist on June 19, 2018.
             Was an Initiate of Gozag.
             Mangled by a water moccasin (9 damage)
             ... on level 5 of the Dungeon.
             The game lasted 00:06:19 (4859 turns).

inc the Chiller (Octopode Ice Elementalist)         Turns: 4859, Time: 00:06:21

Health: -8/31      AC:  1    Str:  8    XL:     5   Next: 58%
Magic:  8/8        EV: 13    Int: 18    God:    Gozag
Gold:   162        SH:  0    Dex: 12    Spells: 7/8 levels left

rFire    . . .     SeeInvis .   o - +0 dagger (venom)
rCold    . . .     Gourm    .   (no shield)
rNeg     . . .     Faith    .   (helmet restricted)
rPois    .         Spirit   .   (no amulet)
rElec    .         Reflect  .   a - ring of resist corrosion
rCorr    +         Harm     .   (no ring)
MR       .....                  (no ring)
Stlth    +++.......             (no ring)
HPRegen  0.10/turn              (no ring)
MPRegen  0.11/turn              (no ring)
                                (no ring)
                                (no ring)

@: drained
A: almost no armour, stealthy swim, amphibious, 8 rings, constrict 8, camouflage
1, gelatinous body 1
a: Potion Petition, Call Merchant, Bribe Branch, Renounce Religion


You were on level 5 of the Dungeon.
You worshipped Gozag.
Gozag was aware of your devotion.
You were not hungry.

You visited 2 branches of the dungeon, and saw 6 of its levels.

You collected 206 gold pieces.
You paid 44 gold pieces to Gozag.

Inventory:

Hand Weapons
 i - a +0 short sword
 o - a +0 dagger of venom (weapon)
 p - a -1 dagger
Jewellery
 a - a ring of resist corrosion (left tentacle)
Scrolls
 c - 3 scrolls of teleportation
 d - a scroll of enchant armour {unknown}
 f - 2 scrolls of enchant weapon {unknown}
 k - a scroll of magic mapping {unknown}
 l - a scroll of remove curse
 m - a scroll of amnesia {unknown}
 n - a scroll of noise {unknown}
 q - a scroll of immolation {unknown}
Potions
 e - a potion of agility {unknown}
 g - 4 potions of invisibility
 h - a potion of magic
 j - 2 potions of flight {unknown}
Comestibles
 b - 11 rations


   Skills:
 - Level 2.0(1.5) Dodging
 - Level 2.6(2.1) Stealth
 - Level 2.0(1.5) Spellcasting
   Level 1.0(0.5) Conjurations
 + Level 6.1(5.5) Ice Magic


You had 7 spell levels left.
You knew the following spells:

 Your Spells              Type           Power        Failure   Level  Hunger
a - Freeze                Ice            ###.         1%          1    ##.....

Your spell library contained the following spells:

 Spells                   Type           Power        Failure   Level  Hunger
 Throw Frost              Conj/Ice       ##....       9%          2    ###....
 Summon Ice Beast         Ice/Summ       ##......     52%         4    #####..
 Ozocubu's Armour         Chrm/Ice       ##......     19%         3    ####...
 Throw Icicle             Conj/Ice       ##......     50%         4    #####..


Dungeon Overview and Level Annotations

Branches:
Dungeon (5/15)             Temple (1/1) D:4

Altars:
Cheibriados
Dithmenos
Elyvilon
Fedhas
Gozag
Hepliaklqana
Kikubaaqudgha
Makhleb
Nemelex Xobeh
Okawaru
Qazlal
Ru
Sif Muna
Trog
Uskayaw
Vehumet
Wu Jian
Xom
Yredelemnul
Zin
The Shining One


Innate Abilities, Weirdness & Mutations

You cannot wear most types of armour.
You are very stealthy in the water. (Stealth+)
You are amphibious.
You can wear up to eight rings at the same time.
You can use your tentacles to constrict eight enemies at once.
Your skin changes colour to match your surroundings (Stealth+).
Your rubbery body absorbs attacks. (AC +1, EV +1)


Message History

You closely miss the water moccasin. You grab the water moccasin.
You constrict the water moccasin, but do no damage.
The water moccasin bites you. x2
You hit the water moccasin but do no damage.
You constrict the water moccasin.
A hound comes into view.
The water moccasin bites you.
The hound barks!
You hit the water moccasin but do no damage.
The water moccasin is poisoned.
The water moccasin is lightly wounded.
You constrict the water moccasin. The water moccasin bites you!
* * * LOW HITPOINT WARNING * * *
You hit the water moccasin.
The water moccasin is lightly wounded.
You constrict the water moccasin. The water moccasin bites you.
* * * LOW HITPOINT WARNING * * *
The water moccasin bites you!
You die...
Your body crumbles into a pile of gold.

#.# #### #.#
.....##.########
..............<#
####.##.########
###..#.########.#
$
..................
##....#+##.#####.
#.... #@# .....
#S# ..... #.# ##.#
#.# .. #h# #.# #.#
#.#


You could see a water moccasin and a hound.

Vanquished Creatures
  Terence (D:3)
  A gnoll (D:1)
  4 adders
  3 oozes
  2 worms
  4 dart slugs (D:1)
  A leopard gecko (D:2)
  3 orcs
  2 ball pythons (D:1)
  8 bats
  7 giant cockroaches
  6 goblins
  9 hobgoblins
  4 jackals (D:3)
  6 frilled lizards
  7 kobolds
  9 rats
77 creatures vanquished.

Notes
Turn   | Place    | Note
-------+----------+-------------------------------------------
     0 | D:1      | inc the Octopode Ice Elementalist began the quest for the Orb.
     0 | D:1      | Reached XP level 1. HP: 11/11 MP: 3/3
   278 | D:1      | Reached XP level 2. HP: 14/17 MP: 3/5
   405 | D:1      | Reached skill level 4 in Ice Magic
   547 | D:1      | Reached XP level 3. HP: 21/21 MP: 3/6
  1462 | D:2      | Reached XP level 4. HP: 25/27 MP: 4/7
  1699 | D:2      | Reached skill level 5 in Ice Magic
  2943 | D:3      | Reached XP level 5. HP: 31/31 MP: 3/8
  3242 | D:3      | Noticed Terence
  3254 | D:3      | Killed Terence
  3857 | D:4      | Found a staircase to the Ecumenical Temple.
  3927 | Temple   | Entered the Ecumenical Temple
  3973 | Temple   | Became a worshipper of Gozag Ym Sagoz the Greedy
  4031 | D:4      | Reached skill level 6 in Ice Magic
  4765 | D:5      | Entered Level 5 of the Dungeon
  4789 | D:5      | Noticed a phantom
  4852 | D:5      | Noticed a water moccasin
  4859 | D:5      | HP: 1/31 [water moccasin (6)]
  4859 | D:5      | Mangled by a water moccasin

Vault maps used:
D:1:      dpeg_arrival_oval, minmay_misc_feat_plants, st_stairs_12,
          minmay_tetromino_s2
D:2:      grunt_ministairs_2
D:3:      kennysheep_doodads, uniq_terence
D:4:      temple_pool_b, first_ration, minivault_27
D:5:      nicolae_ashenzari_panopticon, basic_altar, minivault_27
Temple:   kilobyte_greek_temple

Skill      XL: |  1  2  3  4  5 |
---------------+----------------+-----
Ice Magic      | 4 5 6 |  6.1
Dodging        | |  2.0
Stealth        | |  2.6
Spellcasting   | |  2.0
Conjurations   | |  1.0

Action                   |  1- 3 |  4- 6 || total
-------------------------+-------+-------++-------
Melee: Unarmed           |    35 |       ||    35
       Constrict         |    13 |    22 ||    35
       Tentacles         |     5 |    17 ||    22
       Short sword       |       |    46 ||    46
       Dagger            |       |    58 ||    58
 Cast: Freeze            |    36 |    18 ||    54
  Use: Scroll            |       |     5 ||     5
 Stab: Sleeping          |     4 |     6 ||    10
       Distracted        |     1 |       ||     1
  Eat: Chunk             |     2 |     8 ||    10
       Ration            |       |     1 ||     1
Armor: Skin              |     5 |     9 ||    14
Dodge: Dodged            |    35 |    62 ||    97

Table legend:
 A = Spawn XP
 B = Non-spawn XP
 C = Spawn XP percentage of total XP
 D = Spawn monster count
 E = Non-spawn monster count
 F = Spawn count percentage of total count
 G = Total turns spent on level
                    A         B        C        D         E        F      G
               +---------+---------+-------+---------+---------+-------+---------
         Total |       0 |     255 |   0.0 |       0 |      77 |   0.0 |  4859
               +---------+---------+-------+---------+---------+-------+---------
           D:1 |       0 |      78 |   0.0 |       0 |      31 |   0.0 |  1455
           D:2 |       0 |      42 |   0.0 |       0 |      16 |   0.0 |   786
           D:3 |       0 |      92 |   0.0 |       0 |      21 |   0.0 |  1441
           D:4 |       0 |      43 |   0.0 |       0 |       9 |   0.0 |  1029
               +---------+---------+-------+---------+---------+-------+---------
